 Dungeon Crawl Stone Soup version 0.19.5 (webtiles) character file.

123 ShaSha the Bolt Thrower (level 5, -4/32 HPs)
             Began as a Kobold Hunter on Apr 14, 2017.
             Killed by divine providence
             ... invoked by an orc priest
              (14 damage)
             ... on level 2 of the Dungeon.
             The game lasted 00:27:34 (2613 turns).

ShaSha the Bolt Thrower (Kobold Hunter)             Turns: 2613, Time: 00:27:34

Health: -4/32      AC:  3    Str: 10    XL:     5   Next: 29%
Magic:  5/5        EV: 15    Int: 12    God:
Gold:   160        SH:  0    Dex: 16    Spells: 0 memorised, 4 levels left

rFire  . . .     SeeInvis .     k - +0 dagger (venom)
rCold  . . .     Gourm    .     m - +0 leather armour
rNeg   . . .     Faith    .     (shield restricted)
rPois  .         Spirit   .     (no helmet)
rElec  .         Reflect  .     (no cloak)
rCorr  .         Harm     +     (no gloves)
MR     .....                    (no boots)
Stlth  ++........               p - amulet of harm
                                (no ring)
                                (no ring)

@: no status effects
A: blink, carnivore 3
a: Blink


You were on level 2 of the Dungeon.
You were not hungry.

You visited 1 branch of the dungeon, and saw 3 of its levels.

You collected 160 gold pieces.

Inventory:

Hand Weapons
 a - a +1 hand crossbow
 b - a +0 short sword
 k - a +0 dagger of venom (weapon)
 l - a cursed -2 dagger
 z - a +2 hunting sling of freezing
Missiles
 d - 8 bolts
 i - 16 arrows
 n - 142 stones (quivered)
 u - 12 poisoned needles
 v - 5 needles of confusion
Armour
 c - a +0 leather armour
 e - a +0 scale mail
 m - a +0 leather armour (worn)
 w - a +0 robe
Jewellery
 p - an amulet of harm (around neck)
Scrolls
 h - a scroll of magic mapping {unknown}
 j - 2 scrolls of immolation {unknown}
 r - 2 scrolls of teleportation {unknown}
 t - a scroll of noise {unknown}
 x - 2 scrolls of amnesia {unknown}
 y - a scroll of blinking {unknown}
Potions
 g - 2 potions of brilliance
 q - a potion of heal wounds {unknown}
 s - a potion of degeneration
Comestibles
 f - 2 meat rations
 o - a bread ration


   Skills:
 + Level 3.0 Fighting
 * Level 1.0 Slings
 - Level 5.9 Crossbows
 - Level 0.7 Armour
 + Level 3.1 Dodging
 * Level 2.9 Stealth


You had 4 spell levels left.
You didn't know any spells.

Dungeon Overview and Level Annotations

Branches:
Dungeon (3/15)

Altars:

Annotations:
D:3 Macharius's ghost, amateur GrFi


Innate Abilities, Weirdness & Mutations

You are small and have problems with some larger weapons.
You are carnivorous and can eat meat at any time.
You can translocate small distances at will.


Message History

You closely miss the orc wizard.
The orc wizard gestures at you while chanting.
The magic dart hits you! The orc hits you with a falchion.
The orc priest looks encouraged for a moment.
The orc wizard looks encouraged for a moment.
You climb upwards.
There is a stone staircase leading down here.
You hit the orc wizard but do no damage.
You kill the orc!
The orc priest mumbles some strange prayers to Beogh against you.
Pain shoots through your body!
The orc wizard gestures wildly while chanting.
The orc wizard seems to speed up.
The orc priest hits you but does no damage.
The orc wizard misses you.
Things that are here:
a falchion; a ring mail The orc priest invokes the aid of Beogh against you.
Beogh smites you!
You die...

+..............#
#.########..............#
##.##.................##.#
##.##.##.........#.##.##.#
##.##.##.#....#.#####.##.########
##.##.#.....#.# ..##.#..........
##.##.####..#.####.##.#.†########
##.##.......#....#o##.#.........#
................@o>##.#.#######.#
##.#...........#.).##.#.# #.#
#.#.#######.#.###.##.#.# #.#
##.#<.#......#.###.##.#.# #.#
...<............##.##.#.# #.#
##'#..#.######...#....#.# #.#
....###.# #.#.#.####.# #)# ....#
#.# #.#.#.####.# #.# ....###.#
#..........# #.#


You could see an orc priest and an orc wizard.

Vanquished Creatures
  A hound (D:3)
  2 adders (D:2)
  A worm (D:2)
  3 dart slugs
  A leopard gecko (D:2)
  5 orcs
  4 giant cockroaches
  8 goblins
  4 hobgoblins
  4 jackals (D:3)
  9 kobolds
  A quokka (D:2)
  A ball python (D:1)
  7 bats
  A frilled lizard (D:3)
  10 rats
62 creatures vanquished.

Notes
Turn   | Place    | Note
-------+----------+-------------------------------------------
     0 | D:1      | ShaSha the Kobold Hunter began the quest for the Orb.
     0 | D:1      | Reached XP level 1. HP: 12/12 MP: 1/1
    70 | D:1      | Reached skill level 5 in Crossbows
    75 | D:1      | Reached XP level 2. HP: 15/17 MP: 2/2
   513 | D:1      | Reached XP level 3. HP: 12/21 MP: 3/3
  1206 | D:2      | Reached XP level 4. HP: 17/27 MP: 4/4
  1419 | D:2      | Gained mutation: You can translocate small distances at will. [potion of beneficial mutation]
  2177 | D:3      | Reached XP level 5. HP: 5/32 MP: 5/5
  2279 | D:3      | Noticed Macharius's ghost (amateur GrFi)
  2592 | D:2      | Reached skill level 1 in Slings
  2613 | D:2      | Killed from afar by an orc priest

Skill      XL: |  1  2  3  4  5 |
---------------+----------------+-----
Crossbows      | 5 |  5.9
Stealth        | 2 |  2.9
Fighting       | 3 |  3.0
Dodging        | 3 |  3.1
Slings         | 1 |  1.0
Armour         | |  0.7

Action                   |  1- 3 |  4- 6 || total
-------------------------+-------+-------++-------
Melee: Dagger            |       |    20 ||    20
 Fire: Hand crossbow     |    83 |    23 ||   106
       Hunting sling     |       |    33 ||    33
  Use: Potion            |     1 |     1 ||     2
       Scroll            |     1 |     4 ||     5
  Eat: Meat ration       |     1 |       ||     1
Armor: Leather armour    |    10 |    15 ||    25
Dodge: Dodged            |    39 |    68 ||   107
